 Dungeon Crawl Stone Soup version 0.17-a0-18-gc25b939 (webtiles) character file.

64 Econoterrorist the Twirler (level 4, -1/26 HPs)
             Began as a Gargoyle Gladiator on Mar 10, 2015.
             Slain by a gnoll
             ... wielding a +0 spear
              (5 damage)
             ... on level 2 of the Dungeon.
             The game lasted 00:04:38 (1555 turns).

Econoterrorist the Twirler (Gargoyle Gladiator)     Turns: 1555, Time: 00:04:38

Health: -1/26      AC:  7    Str: 18    XL:     4   Next: 12%
Magic:  4/4        EV: 12    Int: 10    God:
Gold:   55         SH:  0    Dex: 10    Spells: 0 memorised, 3 levels left

rFire  . . .     SeeInvis +     a - +0 quarterstaff
rCold  . . .     Clarity  .     b - +0 leather armour
rNeg   + . .     SustAb   .     (no shield)
rPois  ∞         Gourm    .     c - +0 helmet
rElec  +         Spirit   .     (no cloak)
rCorr  .         Warding  .     (no gloves)
rMut   .         Stasis   .     (no boots)
MR     .....                    (no amulet)
Stlth  +.........               (no ring)
                                i - ring of see invisible

@: not resistant to hostile enchantments, very unstealthy
A: negative energy resistance 1, electricity resistance, unbreathing,
petrification resistance, rot immunity, AC +3
a: no special abilities


You were on level 2 of the Dungeon.
You were not hungry.

You visited 1 branch of the dungeon, and saw 2 of its levels.

You collected 55 gold pieces.

Inventory:

Hand weapons
 a - a +0 quarterstaff (weapon)
Missiles
 d - 3 throwing nets (quivered)
Armour
 b - a +0 leather armour (worn)
 c - a +0 helmet (worn)
Jewellery
 i - a ring of see invisible (left hand)
Scrolls
 h - a scroll of blinking {unknown}
 j - a scroll of immolation {unknown}
 l - a scroll of amnesia {unknown}
 n - a scroll of remove curse {unknown}
 p - a scroll of identify {unknown}
Potions
 e - a potion of brilliance {unknown}
 k - 2 potions of resistance {unknown}
 o - a potion of curing {unknown}
Comestibles
 f - 2 bread rations
 g - 2 meat rations


   Skills:
 - Level 2.1 Fighting
 + Level 4.8 Staves
 - Level 2.0 Throwing
 - Level 2.4 Dodging


You had 3 spell levels left.
You didn't know any spells.

Dungeon Overview and Level Annotations

Branches:
Dungeon (2/15)

Altars:


Innate Abilities, Weirdness & Mutations

You are resistant to torment.
You are immune to poison.
Your stone body is very resilient (AC +3).
You resist negative energy.
You are resistant to electric shocks.
You can survive without breathing.
You are immune to petrification.
You are immune to rotting.


Message History

The gnoll is moderately wounded.
The gnoll hits you but does no damage.
The gnoll hits you from afar with a spear.
You sock the gnoll!
The gnoll is almost dead.
The gnoll closely misses you.
The gnoll hits you from afar with a spear.
* * * LOW HITPOINT WARNING * * *
You hit the gnoll but do no damage.
The gnoll is almost dead.
The gnoll hits you with a spear.
* * * LOW HITPOINT WARNING * * *
The gnoll barely misses you.
You hit the gnoll.
You kill the gnoll!
You have reached level 4!
You feel clever. The gnoll closely misses you.
The gnoll hits you from afar with a spear.
You die...

#.. #..##.#.##.###.#
##.###..##.#.##.###.#
#....g..##....#.....#
#.#.###.####..###########
#.......# #..# #...
##.#..#.#### #..# #.##
..........÷# #..# ####.#
#####.##..### #..# #....#
... #.g)@# #..# #.#### ###.
##.### #..# #.# .#
#..####..#####.#
#.....#........#
#.....#.#####..#
#.....#.#####..#
########.....#.##.....#
#............#.##.##.#####
#............#.##........##


You could see a gnoll.

Vanquished Creatures
  2 adders
  2 gnolls (D:2)
  3 bats
  3 goblins (D:1)
  6 hobgoblins
  A giant newt (D:1)
  3 jackals (D:1)
  2 kobolds (D:1)
  3 rats
25 creatures vanquished.

Notes
Turn   | Place    | Note
--------------------------------------------------------------
     0 | D:1      | Econoterrorist, the Gargoyle Gladiator, began the quest for the Orb.
     0 | D:1      | Reached XP level 1. HP: 12/12 MP: 1/1
   209 | D:1      | Reached XP level 2. HP: 11/17 MP: 2/2
   774 | D:1      | Reached skill level 4 in Staves
   774 | D:1      | Reached XP level 3. HP: 7/21 MP: 3/3
  1554 | D:2      | Reached XP level 4. HP: 4/26 MP: 4/4
  1555 | D:2      | Slain by a gnoll

Action                   |  1- 3 |  4- 6 || total
-------------------------+-------+-------++-------
Melee: Quarterstaff      |    74 |       ||    74
  Eat: Royal jelly       |     1 |       ||     1
       Chunk             |     1 |       ||     1
